 Dungeon Crawl Stone Soup version 0.32-a0-18-g89e19f1974 (webtiles) character file.

Game seed: 5736237903839262555

4368 Curundu the Severer (level 10, -6/77 HPs)
             Began as a Minotaur Berserker on Jan 16, 2024.
             Was a Priest of Trog.
             Mangled by a deep elf pyromancer
             ... wielding a +0 long sword
              (10 damage)
             ... on level 8 of the Dungeon.
             The game lasted 00:22:22 (7362 turns).

Curundu the Severer (Minotaur Berserker)            Turns: 7362, Time: 00:22:23

Health: -6/77      AC: 11    Str: 33    XL:     10   Next: 13%
Magic:  9/9        EV:  7    Int:  4    God:    Trog [***...]
Gold:   441        SH:  7    Dex:  9    Spells: 9/9 levels left

rFire   . . .        m - +4 war axe
rCold   . . .        f - +1 kite shield
rNeg    . . .        L - +0 plate armour
rPois   .            (helmet restricted)
rElec   .            (no cloak)
rCorr   .            (no gloves)
SInv    .            (no boots)
Will    ++...        w - amulet of regeneration Stlth
                     o - +6 ring of strength
HPRegen 2.12/turn    u - +4 ring of slaying
MPRegen 0.11/turn

%: no passive effects
@: on fire, strong-willed, regenerating, glowing
A: horns 2, retaliatory headbutt
a: Renounce Religion, Berserk, Trog's Hand


You were on level 8 of the Dungeon.
You worshipped Trog.
Trog was most pleased with you.
You visited 1 branch of the dungeon, and saw 8 of its levels.
You also visited: Ossuary.

You collected 441 gold pieces.

Inventory:

Hand Weapons
 m - a +4 war axe (weapon)
Missiles
 x - 6 poisoned darts (quivered)
Armour
 f - a +1 kite shield (worn)
 L - a +0 plate armour (worn)
Jewellery
 o - a +6 ring of strength (left hand)
 p - a ring of magical power
 u - a +4 ring of slaying (right hand)
 w - an amulet of regeneration (around neck)
 D - a +5 ring of evasion
Wands
 r - a wand of polymorph (12)
 E - a wand of acid (7)
 F - a wand of flame (18)
 H - a wand of iceblast (16)
 J - a wand of paralysis (8)
Scrolls
 a - a scroll of amnesia {unknown}
 b - a scroll of revelation {unknown}
 l - 5 scrolls of immolation
 t - 3 scrolls of fear
 v - a scroll of teleportation
 y - 2 scrolls of vulnerability
 C - a scroll of blinking
 G - a scroll of poison
 I - a scroll of enchant armour
Potions
 c - 3 potions of lignification
 d - 3 potions of curing
 e - 2 potions of might {unknown}
 g - a potion of haste {unknown}
 h - 3 potions of enlightenment {unknown}
 i - 2 potions of mutation {unknown}
 j - a potion of heal wounds {unknown}
 n - 2 potions of degeneration {unknown}
 s - a potion of brilliance {unknown}
 z - a potion of cancellation {unknown}
 A - a potion of resistance {unknown}
 B - 3 potions of ambrosia
 K - 2 potions of attraction {unknown}


   Skills:
 - Level 3.6 Fighting
 + Level 17.4 Axes
 - Level 2.4 Armour
 - Level 2.1 Dodging


You had 9 spell levels left.
You didn't know any spells.
Your spell library was empty.

Dungeon Overview and Level Annotations

Branches:
Dungeon (8/15)             Temple (0/1) D:6         Ossuary (visited)
   Lair: D:8-11

Altars:
Qazlal

Shops:
D:1 (   D:6 *


Innate Abilities, Weirdness & Mutations

You have a pair of horns on your head.
You reflexively headbutt those who attack you in melee.


Message History

Your skin crawls.
You feel strong-willed.
You can no longer call in reinforcements.
The centaur warrior shoots an arrow.
The arrow hits you!!
You slash the deep elf pyromancer!
You headbutt the deep elf pyromancer, but do no damage.
The deep elf pyromancer is moderately wounded.
The deep elf pyromancer hits you but does no damage.
You slash the deep elf pyromancer!
The deep elf pyromancer is heavily wounded.
You slash the deep elf pyromancer!
The deep elf pyromancer is almost dead.
The deep elf pyromancer points at you and mumbles some strange words.
The pyre arrow hits you.
You are covered in intense liquid fire!
You hit the deep elf pyromancer.
Your headbutt misses the deep elf pyromancer.
The deep elf pyromancer is almost dead.
The liquid fire burns you!
The deep elf pyromancer mumbles some strange words.
The deep elf pyromancer blinks!
The centaur warrior shoots an arrow.
The arrow hits you!!
Found a tin of tremorstones (2/2).
You shake off some of the fire as you move.
The liquid fire burns you!
The centaur warrior unwields a +3 shortbow.
The centaur warrior hits you!
* * * LOW HITPOINT WARNING * * *
The centaur warrior kicks you.
* * * LOW HITPOINT WARNING * * *
You slash the centaur warrior!
The centaur warrior is moderately wounded.
You closely miss the deep elf pyromancer.
The liquid fire burns you!
* * * LOW HITPOINT WARNING * * *
The centaur warrior hits you!
* * * LOW HITPOINT WARNING * * *
The centaur warrior closely misses you.
The deep elf pyromancer hits you with a +0 long sword!
You die...

# # .... #####
.... ....###
... ....'...
..#
....######.#
....# ##..#
#####
#...#########
##...##...@c.#
#..#..#..##e.#
##..#).##..#.(#
#..###..#..##.#
##..#
#..##..#}#
#..##
##..#..###
##..# #..##..#
#..## ##..#..##
. ##..#
#..##..#


You could see a centaur warrior and a deep elf pyromancer.

Vanquished Creatures
  A boulder beetle (D:8)
  A hornet (D:8)
  8 yaks (D:8)
  A steam dragon (D:7)
  2 sky beasts (D:7)
  A water moccasin (D:5)
  A black bear (D:4)
  An orc warrior (D:7)
  An ogre (D:5)
  3 centaurs
  2 phantoms
  A bullfrog (D:6)
  2 scorpions
  9 wights
  2 burial acolytes (Ossuary)
  3 bombardier beetles (D:5)
  3 hounds
  A jelly (D:6)
  An orc priest (D:7)
  2 sleepcaps
  4 iguanas
  An orc wizard (D:7)
  A gnoll (D:1)
  7 adders
  2 white imps (D:7)
  An adder skeleton (Ossuary)
  2 ribbon worms
  2 dart slugs
  11 orcs
  6 endoplasms
  3 giant cockroaches
  6 goblins
  14 hobgoblins
  3 jackals (D:3)
  3 quokkas
  15 ball pythons
  3 ball python skeletons (Ossuary)
  4 bats
  2 frilled lizards (D:2)
  A hobgoblin skeleton (Ossuary)
  6 kobolds
  3 kobold skeletons (Ossuary)
  2 orc skeletons (Ossuary)
  6 rats
154 creatures vanquished.

Notes
Turn   | Place    | Note
-------+----------+-------------------------------------------
     0 | D:1      | Curundu the Minotaur Berserker began the quest for the Orb.
     0 | D:1      | Reached XP level 1. HP: 19/19 MP: 0/0
   106 | D:1      | Reached skill level 4 in Axes
   173 | D:1      | Reached XP level 2. HP: 26/26 MP: 1/1
   187 | D:1      | Found Xycafot's Weapon Shoppe.
   351 | D:1      | Reached skill level 5 in Axes
   351 | D:1      | Reached XP level 3. HP: 31/31 MP: 2/2
   917 | D:2      | Reached ** piety under Trog
  1022 | D:2      | Reached skill level 6 in Axes
  1022 | D:2      | Reached XP level 4. HP: 23/39 MP: 3/3
  1085 | D:2      | Found a faded altar of an unknown god.
  2130 | D:4      | Reached *** piety under Trog
  2131 | D:4      | Reached XP level 5. HP: 38/45 MP: 4/4
  2136 | D:4      | Reached skill level 7 in Axes
  2217 | D:4      | Noticed a phantom
  2222 | D:4      | Killed a phantom
  2242 | D:4      | Reached skill level 8 in Axes
  2432 | D:4      | Identified the +6 whip of the Hurting Hero {pain, rElec
                  | rN+}
  2685 | D:4      | Noticed a black bear
  2690 | D:4      | Killed a black bear
  2691 | D:4      | Reached XP level 6. HP: 47/51 MP: 5/5
  2764 | D:4      | Identified the +2 short sword "Vemaxu" {chaos, Int+4}
  3223 | D:5      | Entered Level 5 of the Dungeon
  3252 | D:5      | Reached skill level 9 in Axes
  3400 | D:5      | Reached XP level 7. HP: 56/57 MP: 6/6
  3555 | D:5      | Reached skill level 10 in Axes
  3791 | D:5      | Found a stormy altar of Qazlal.
  3793 | D:5      | Noticed a fire elemental
  3793 | D:5      | Noticed an air elemental
  3793 | D:5      | Noticed a water elemental
  4125 | D:5      | Reached skill level 11 in Axes
  4413 | D:6      | Reached XP level 8. HP: 54/64 MP: 7/7
  4474 | D:6      | Found a staircase to the Ecumenical Temple.
  4505 | D:6      | Reached skill level 12 in Axes
  4780 | D:6      | Found Fah Soromp's Assorted Antiques.
  5828 | D:7      | Reached skill level 13 in Axes
  5859 | D:7      | Found a sand-covered staircase.
  5867 | Ossuary  | Entered an ossuary
  6294 | D:7      | HP: 3/64 [orc warrior/+0 halberd (18)]
  6297 | D:7      | Reached skill level 14 in Axes
  6805 | D:8      | Noticed a hornet
  6807 | D:8      | Paralysed by a hornet for 1 turns
  6810 | D:8      | Killed a hornet
  6811 | D:8      | Reached XP level 9. HP: 70/70 MP: 8/8
  6896 | D:8      | Reached skill level 15 in Axes
  7033 | D:8      | Reached skill level 16 in Axes
  7036 | D:8      | Reached **** piety under Trog
  7255 | D:8      | Noticed a boulder beetle
  7272 | D:8      | Killed a boulder beetle
  7273 | D:8      | Reached skill level 17 in Axes
  7273 | D:8      | Reached XP level 10. HP: 42/77 MP: 9/9
  7355 | D:8      | Noticed a centaur warrior
  7355 | D:8      | Noticed a deep elf pyromancer
  7362 | D:8      | Mangled by a deep elf pyromancer

Illustrated notes

Levels and vault maps discovered:
D:1:      co_arrival_square_in_a_square_in_a_square, layout_loops_ring,
          serial_shops, shop
D:2:      layout_rooms, chequers_ecumenical_altar_simple_redux
D:3:      layout_basic
D:4:      layout_basic
D:5:      minmay_general_purpose_star, layout_loops_ring,
          nicolae_qazlal_style_of_elements, kennysheep_generic_room_5
D:6:      layout_loops_corners, temple_doors_ab, serial_shops, shop,
          kennysheep_nondescript
D:7:      layout_gridville, chequers_ossuary_entry_cave, minmay_door_square,
          st_stairs_12
D:8:      minmay_tri_box, layout_basic, grunt_temple_overflow_champion_of_chaos,
          grunt_gozag_breadcrumbs, uniq_erica

Skill      XL: |  1  2  3  4  5  6  7  8  9 |
---------------+----------------------------+-----
Axes           | 4 5 6 8 9 11 14 17 | 17.4
Fighting       | |  3.6
Armour         | |  2.4
Dodging        | |  2.1

Action                     |  1- 3 |  4- 6 |  7- 9 | 10-12 || total
---------------------------+-------+-------+-------+-------++-------
  Melee: Hand axe          |    76 |    17 |       |       ||    93
         Headbutt          |    12 |    23 |    38 |     1 ||    74
         War axe           |       |    61 |    12 |     8 ||    81
         Whip              |       |    35 |   187 |       ||   222
 Invoke: Trog's Hand       |       |       |     3 |     1 ||     4
         Berserk           |       |       |     2 |       ||     2
    Use: Scroll            |     3 |     3 |     6 |       ||    12
         Potion            |       |       |     2 |       ||     2
 Armour: Animal skin       |    45 |    61 |    59 |       ||   165
         Plate armour      |       |       |    30 |    13 ||    43
  Dodge: Dodged            |    56 |    55 |    58 |     2 ||   171
  Block: Kite shield       |    17 |    41 |    51 |     3 ||   112

Table legend: (Time is in decaauts)
 A = Elapsed time spent in this place.
 B = Non-inter-level travel time spent in this place.
 C = Inter-level travel time spent in this place.
 D = Time resting spent in this place.
 E = Time spent auto-exploring this place.
 F = Levels seen in this place.
 G = Mean time per level.
                   A        B        C        D        E       F      G
               +--------+--------+--------+--------+--------+-----+--------+
         Total |   7363 |   7363 |      0 |    291 |   5287 |   9 |  818.1 |
       Dungeon |   6981 |   6981 |      0 |    244 |   5177 |   8 |  872.6 |
       Ossuary |    382 |    382 |      0 |     47 |    110 |   1 |  382.0 |
               +--------+--------+--------+--------+--------+-----+--------+

Top non-repeatable levels by time:
     D:5: 1153 daAuts
     D:4: 1120 daAuts
     D:7: 1107 daAuts
     D:6: 910 daAuts
     D:1: 887 daAuts
     D:3: 750 daAuts
     D:8: 560 daAuts
     D:2: 490 daAuts
 Ossuary: 382 daAuts
